 Dungeon Crawl Stone Soup version 0.21.1-1-g345015f (console) character file.

20026 Robespierre the Spear-Bearer (level 13, 0/93 HPs)
             Began as a Human Fighter on June 28, 2018.
             Was an Elder of Makhleb.
             Slain by a vault guard
             ... wielding a +0 great sword
              (18 damage)
             ... on level 13 of the Dungeon.
             The game lasted 00:36:24 (14809 turns).

Robespierre the Spear-Bearer (Human Fighter)       Turns: 14809, Time: 00:36:24

Health: 0/93       AC: 17    Str: 20    XL:     13   Next: 9%
Magic:  19/19      EV:  8    Int: 11    God:    Makhleb [****..]
Gold:   475        SH: 12    Dex: 16    Spells: 12/12 levels left

rFire    + + .     SeeInvis .   b - +10 morningstar {elec, Halo rElec}
rCold    x . .     Gourm    +   v - +0 shield
rNeg     . . .     Faith    .   y - +1 fire dragon scales
rPois    .         Spirit   .   e - +0 helmet
rElec    +         Reflect  .   q - +0 cloak
rCorr    .         Harm     .   r - +0 pair of gloves
MR       .....                  o - +0 pair of boots
Stlth    ..........             L - amulet of the gourmand
HPRegen  0.25/turn              R - +4 ring of strength
MPRegen  0.16/turn              (no ring)

@: glowing
A: no striking features
a: Minor Destruction, Lesser Servant of Makhleb, Major Destruction, Renounce
Religion


You were on level 13 of the Dungeon.
You worshipped Makhleb.
Makhleb was greatly pleased with you.
You were not hungry.

You visited 2 branches of the dungeon, and saw 14 of its levels.
You also visited: Ossuary.

You collected 905 gold pieces.
You spent 430 gold pieces at shops.

Inventory:

Hand Weapons
 a - a +4 trident of freezing
 b - the +10 morningstar "Eos" (weapon) {elec, Halo rElec}
   (You found it on level 10 of the Dungeon)

   Occasionally, upon striking a foe, it will discharge some electrical energy
   and cause terrible harm.
   It insulates you from electricity.
 c - the +10 quarterstaff of the Hills {antimagic, rF+ rN+ Stlth+}
   (You took it off an orc on level 5 of the Dungeon)

   It reduces the magical energy of the wielder, and disrupts the spells and
   magical abilities of those hit.
   Natural abilities and divine invocations are not affected.
   It protects you from fire.
   It protects you from negative energy.
   It makes you more stealthy.
Armour
 e - a +0 helmet (worn)
 o - a +0 pair of boots (worn)
 q - a +0 cloak (worn)
 r - a +0 pair of gloves (worn)
 v - a +0 shield (worn)
 y - +1 fire dragon scales (worn)
Magical Staves
 K - an uncursed staff of fire
 S - an uncursed staff of cold
Jewellery
 L - an amulet of the gourmand (around neck)
 R - a +4 ring of strength (left hand)
Wands
 i - a wand of polymorph (18)
 I - a wand of digging (10)
 N - a wand of flame (12)
 O - a wand of acid (5)
 Q - a wand of paralysis (9)
Scrolls
 g - 3 scrolls of teleportation
 h - 4 scrolls of immolation
 j - 2 scrolls of remove curse
 k - 3 scrolls of noise {unknown}
 t - 5 scrolls of amnesia
 x - 2 scrolls of blinking {unknown}
 z - 2 scrolls of vulnerability
 C - a scroll of fear {unknown}
 D - 4 scrolls of magic mapping
 F - 2 scrolls of enchant armour
 U - 3 scrolls of holy word {unknown}
Potions
 d - 2 potions of might
 l - 6 potions of curing
 n - a potion of agility
 p - 2 potions of ambrosia
 s - 4 potions of haste
 u - a potion of resistance
 w - a potion of lignification
 A - a potion of invisibility
 B - 2 potions of heal wounds
 H - 3 potions of degeneration
 J - 4 potions of mutation
 M - 2 potions of brilliance
 P - 3 potions of flight
Books
 E - a book of Maledictions

   Spells                             Type                      Level
   a - Corona                         Hexes                        1
   b - Ensorcelled Hibernation        Hexes/Ice                    2
   c - Confuse                        Hexes                        3
   d - Tukima's Dance                 Hexes                        3
   e - Dazzling Spray                 Conjuration/Hexes            3
 G - a book of Callings

   Spells                             Type                      Level
   a - Summon Small Mammal            Summoning                    1
   b - Call Imp                       Summoning                    2
   c - Call Canine Familiar           Summoning                    3
   d - Summon Guardian Golem          Hexes/Summoning              3
   e - Summon Lightning Spire         Summoning/Air                4
   f - Summon Ice Beast               Ice/Summoning                4
Comestibles
 f - 20 rations
 m - 3 chunks of flesh


   Skills:
 + Level 6.1 Fighting
 - Level 12.5 Polearms
 - Level 9.0 Armour
 - Level 9.0 Shields
 - Level 6.0 Invocations
 - Level 9.0 Evocations


You had 12 spell levels left.
You didn't know any spells.

Dungeon Overview and Level Annotations

Branches:
Dungeon (14/15)            Temple (1/1) D:5            Lair (0/6) D:11
 Vaults (0/5) D:13
    Orc: D:9-12

Altars:
Ashenzari
Cheibriados
Dithmenos
Elyvilon
Fedhas
Gozag
Hepliaklqana
Kikubaaqudgha
Makhleb
Nemelex Xobeh
Okawaru
Qazlal
Ru
Sif Muna
Trog
Uskayaw
Vehumet
Wu Jian
Xom
Yredelemnul
Zin
The Shining One

Shops:
D:6 !(   D:7 *


Message History

The worker ant twitches its antennae in your direction.
The vault guard hits you with an enchanted battleaxe!
* * * LOW HITPOINT WARNING * * *
A yak comes into view.
The vault guard hits you with an enchanted great mace.
* * * LOW HITPOINT WARNING * * *
The yak snorts and paws the ground.
The centaur warrior wields a shortbow.
The centaur warrior shoots an arrow.
You block the arrow.
You see here an arrow.
Found a ration.
Found a potion of mutation.
The bullfrog swells and bulges.
A vault guard comes into view. It is wielding a great sword.
The vault guard shouts!
The vault guard drinks a potion.
The vault guard seems to grow stronger.
The centaur warrior unwields an uncursed shortbow.
The centaur warrior hits you but does no damage.
The vault guard hits you with a great sword!!
You die...

#.# #.# #.##.#.#*,,,* #!# #.#
#.#..#*#***,* #.# #.#
#.#,##,,,,*,* #.# #.#
#..,*,****,**
#####.########.###*,,,*,*,,***
...........a.u...#**,,#,***,*
...##....a..##.Fp###..#*,,,**
..####.....####cp.....#,***,*****
(## ##...## ##@######,*,,***,,,
.## *##'##* *#.# *,****,*,**
c.##**...%.****..#******,,,,*,,*
YYc##.#...#.#*....,,,,,*********
Y.F.#.......#.....*******,*
.Y..'...∩O..'....## *,*
a...#.......#....# *,*
.p.##.#.F.#.##...# *,*
..##**.,Y..****,,* *,*


You could see 2 vault guards, a red ugly thing, a centaur warrior and a
bullfrog.

Vanquished Creatures
  A fire dragon (D:10)
  Fannar (D:11)
  A centaur warrior (D:10)
  A hydra (D:13)
  4 two-headed ogres
  A death yak (D:10)
  The ghost of eyesofgods1 the Martial Artist, a novice DsMo of Makhleb (D:8)
  3 unseen horrors
  An ugly thing (D:9)
  A cyclops (D:13)
  A gargoyle (D:10)
  A kobold demonologist (D:14)
  A komodo dragon (D:11)
  A meliai (D:10)
  2 hornets (D:9)
  3 slime creatures (D:14)
  2 hippogriffs
  2 shadows
  9 yaks
  A wyvern (D:13)
  3 hungry ghosts
  A basilisk (D:10)
  The ghost of emiel the Grave Robber, an amateur FoNe (D:4)
  2 acid dragons
  2 sky beasts
  Purgy (D:4)
  4 orc warriors
  A black bear (D:11)
  A necrophage (D:5)
  7 ice beasts
  2 ogres (D:8)
  6 phantoms
  7 centaurs
  A crocodile (D:11)
  3 bullfrogs
  3 big kobolds
  13 scorpions
  4 killer bees (D:7)
  4 wights (D:7)
  3 howler monkeys
  7 crimson imps
  4 bullfrog zombies
  2 quasits
  3 centaur zombies
  5 jellies
  2 human zombies (Ossuary)
  2 bullfrog skeletons
  8 hounds
  A centaur skeleton (D:8)
  6 orc priests
  7 orc wizards
  Jessica (D:3)
  An iguana (D:11)
  8 worker ants
  2 big kobold zombies (Ossuary)
  3 hound zombies
  A hound skeleton (D:7)
  2 mummies (Ossuary)
  Robin (D:3)
  3 gnolls (D:11)
  A howler monkey skeleton (D:6)
  14 adders
  7 scorpion zombies (Ossuary)
  6 shadow imps
  An ooze (D:2)
  An adder skeleton (D:6)
  3 worms
  3 dart slugs (D:1)
  6 leopard geckos
  47 orcs
  A ball python (D:1)
  8 giant cockroaches
  3 gnoll zombies (Ossuary)
  10 hobgoblins
  5 jackals
  5 quokkas
  8 bats
  3 frilled lizards
  13 goblins
  A goblin zombie (Ossuary)
  2 hobgoblin zombies (Ossuary)
  A jackal zombie (D:5)
  17 kobolds
  A kobold zombie (Ossuary)
  2 orc zombies (Ossuary)
  10 rats
355 creatures vanquished.

Vanquished Creatures (others)
  An unseen horror (D:10)
  A mummy (Ossuary)
2 creatures vanquished.

Grand Total: 357 creatures vanquished

Notes
Turn   | Place    | Note
-------+----------+-------------------------------------------
     0 | D:1      | Robespierre the Human Fighter began the quest for the Orb.
     0 | D:1      | Reached XP level 1. HP: 18/18 MP: 1/1
    40 | D:1      | Reached XP level 2. HP: 15/24 MP: 2/2
   375 | D:1      | Reached skill level 3 in Polearms
   516 | D:1      | Reached XP level 3. HP: 29/29 MP: 3/3
  1066 | D:2      | Reached XP level 4. HP: 31/35 MP: 4/4
  1338 | D:2      | Reached skill level 4 in Polearms
  1338 | D:2      | Reached XP level 5. HP: 34/41 MP: 5/5
  1593 | D:3      | Noticed Robin
  1916 | D:3      | Killed Robin
  2576 | D:3      | Noticed Jessica
  2593 | D:2      | Reached XP level 6. HP: 47/47 MP: 6/6
  2637 | D:3      | Killed Jessica
  3118 | D:4      | Found an ancient bone altar of Kikubaaqudgha.
  3120 | D:4      | Found a basalt altar of Yredelemnul.
  3120 | D:4      | Found a glowing golden altar of the Shining One.
  3149 | D:4      | Noticed Purgy
  3165 | D:4      | Killed Purgy
  3165 | D:4      | Reached skill level 5 in Polearms
  3165 | D:4      | Reached XP level 7. HP: 52/52 MP: 7/7
  3343 | D:4      | Noticed emiel's ghost (amateur FoNe)
  3351 | D:4      | Killed emiel's ghost
  3351 | D:4      | Reached skill level 5 in Armour
  3351 | D:4      | Reached skill level 5 in Shields
  3352 | D:4      | Found a sand-covered staircase.
  3361 | Ossuary  | Entered an ossuary
  3381 | Ossuary  | Reached XP level 8. HP: 42/58 MP: 8/8
  3602 | Ossuary  | Reached skill level 6 in Polearms
  4073 | D:4      | Reached skill level 7 in Polearms
  4382 | D:5      | Entered Level 5 of the Dungeon
  4463 | D:5      | Reached XP level 9. HP: 54/63 MP: 9/9
  4561 | D:5      | Reached skill level 8 in Polearms
  4633 | D:5      | Got a transparent quarterstaff {antimagic}
  4664 | D:5      | Identified the +10 quarterstaff of the Hills {antimagic, rF+ rN+ Stlth+} (You took it off an orc on level 5 of the Dungeon)
  4922 | D:5      | Reached skill level 9 in Polearms
  5000 | D:5      | Found a shattered altar of Ashenzari.
  5084 | D:5      | Found a staircase to the Ecumenical Temple.
  5103 | Temple   | Entered the Ecumenical Temple
  5189 | Temple   | Became a worshipper of Makhleb the Destroyer
  5429 | D:6      | Found an iron altar of Okawaru.
  5448 | D:6      | Reached skill level 5 in Fighting
  5624 | D:6      | Found a snail-covered altar of Cheibriados.
  5687 | D:6      | Reached * piety under Makhleb
  5718 | D:6      | Found Foudaihi's Distillery.
  5724 | D:6      | Bought 2 potions of heal wounds for 110 gold pieces
  5724 | D:6      | Bought a potion of heal wounds for 55 gold pieces
  5724 | D:6      | Bought a potion of degeneration for 11 gold pieces
  5724 | D:6      | Bought a potion of curing for 33 gold pieces
  5770 | D:6      | Found Hyoqet's Antique Weapon Boutique.
  5866 | D:6      | Found a sparkling altar of Nemelex Xobeh.
  6065 | D:7      | Found a hide-covered altar of Uskayaw.
  6284 | D:7      | Found Vyneiwk's Assorted Antiques.
  6326 | D:7      | Reached XP level 10. HP: 67/76 MP: 4/12
  6745 | D:7      | Reached skill level 5 in Invocations
  6821 | D:8      | Reached skill level 1 in Evocations
  6919 | D:8      | Reached ** piety under Makhleb
  7141 | D:8      | Noticed eyesofgods1's ghost (novice DsMo)
  7147 | D:8      | Noticed a two-headed ogre
  8016 | D:8      | Killed eyesofgods1's ghost
  8016 | D:8      | Reached skill level 5 in Evocations
  8077 | D:8      | Killed a two-headed ogre
  8077 | D:8      | Reached skill level 10 in Polearms
  8153 | D:8      | Reached XP level 11. HP: 81/81 MP: 5/15
  8282 | D:9      | Noticed a white ugly thing
  8621 | D:9      | Noticed a two-headed ogre
  8629 | D:9      | Killed a two-headed ogre
  9359 | D:9      | Reached *** piety under Makhleb
  9814 | D:9      | Found a shadowy altar of Dithmenos.
 10113 | D:9      | Killed a white ugly thing
 10570 | D:9      | Paralysed by a hornet for 2 turns
 10788 | D:10     | Entered Level 10 of the Dungeon
 11060 | D:10     | Noticed a fire dragon
 11064 | D:10     | Noticed a centaur warrior
 11069 | D:10     | Killed an unseen horror
 11531 | D:10     | Killed an unseen horror
 11531 | D:10     | Reached skill level 11 in Polearms
 12616 | D:10     | Killed a fire dragon
 12616 | D:10     | Reached XP level 12. HP: 55/88 MP: 18/18
 12623 | D:10     | Killed a centaur warrior
 12623 | D:10     | Reached skill level 12 in Polearms
 12639 | D:10     | Got a twisted mace
 12662 | D:10     | Identified the +2 mace of Abomination {flame, rN+ Int+3} (You found it on level 10 of the Dungeon)
 12851 | D:10     | Found the +10 morningstar "Eos" {elec, Halo rElec}
 13218 | D:6      | Bought a runed trident for 221 gold pieces
 13295 | D:11     | Found a staircase to the Lair.
 13295 | D:11     | Noticed a death yak
 13393 | D:10     | Killed a death yak
 13903 | D:11     | Noticed Fannar
 13921 | D:11     | Killed Fannar
 14325 | D:11     | You fall through a shaft for 3 floors!
 14344 | D:14     | Reached **** piety under Makhleb
 14519 | D:14     | Noticed an unseen horror
 14527 | D:14     | Killed an unseen horror
 14588 | D:13     | Noticed a four-headed hydra
 14594 | D:13     | Killed a four-headed hydra
 14684 | D:13     | Noticed a two-headed ogre
 14689 | D:13     | Killed a two-headed ogre
 14731 | D:13     | Noticed an unseen horror
 14732 | D:13     | Noticed a two-headed ogre
 14735 | D:13     | Killed an unseen horror
 14735 | D:13     | Reached XP level 13. HP: 93/93 MP: 19/19
 14756 | D:13     | Noticed a crystal guardian
 14766 | D:13     | Found a gate to the Vaults.
 14766 | D:13     | Noticed a centaur warrior
 14775 | D:13     | Noticed a vault guard
 14778 | D:13     | Noticed a vault guard
 14782 | D:13     | Noticed a vault guard
 14804 | D:13     | Noticed a vault guard
 14809 | D:13     | Slain by a vault guard

Skill      XL: |  1  2  3  4  5  6  7  8  9 10 11 12 |
---------------+-------------------------------------+-----
Polearms       | 3 4 5 7 9 10 11 12 | 12.5
Armour         | 4 5 6 9 |  9.0
Shields        | 4 5 6 9 |  9.0
Fighting       | 6 |  6.1
Invocations    | 3 6 |  6.0
Evocations     | 5 9 |  9.0

Action                   |  1- 3 |  4- 6 |  7- 9 | 10-12 | 13-15 || total
-------------------------+-------+-------+-------+-------+-------++-------
Melee: Trident           |   139 |   151 |       |   463 |       ||   753
       Short sword       |       |    72 |   330 |       |       ||   402
       Quarterstaff      |       |       |   142 |   242 |       ||   384
       Morningstar       |       |       |       |    99 |    11 ||   110
Evoke: Wand              |       |       |       |    45 |       ||    45
  Use: Scroll            |       |     5 |    10 |     9 |     2 ||    26
       Potion            |       |     1 |       |    10 |       ||    11
 Stab: Confused          |       |       |       |     1 |       ||     1
       Invisible         |       |       |       |     5 |       ||     5
  Eat: Chunk             |       |     8 |    16 |    40 |       ||    64
       Ration            |       |       |     1 |     2 |       ||     3
Armor: Scale mail        |    50 |    80 |     4 |       |       ||   134
       Chain mail        |       |       |   229 |   309 |       ||   538
       Skin              |       |       |       |    10 |       ||    10
       Fire dragon scale |       |       |       |    89 |     7 ||    96
Dodge: Dodged            |    42 |    64 |   102 |   194 |    12 ||   414
Block: Shield            |    57 |   115 |   134 |   233 |     6 ||   545
